 Dungeon Crawl Stone Soup version 0.32-a0-898-g7811c86cf0 (webtiles) character file.

Game seed: 13475553211761941283

6292 GeoRichter the Carver (level 10, -17/82 HPs)
             Began as a Coglin Warper on Apr 4, 2024.
             Was a Priest of Okawaru.
             Demolished by a two-headed ogre
             ... wielding a +0 giant spiked club
              (21 damage)
             ... on level 10 of the Dungeon.
             The game lasted 00:15:36 (11798 turns).

GeoRichter the Carver (Coglin Warper)              Turns: 11798, Time: 00:15:36

Health: -17/82     AC: 11    Str: 12    XL:     10   Next: 94%
Magic:  13/13      EV:  8    Int: 13    God:    Okawaru [***...]
Gold:   559        SH:  0    Dex: 17    Spells: 12/12 levels left

rFire   . . .        D - +0 long sword {Rodica}
rCold   . . .        j - +2 dagger (venom) {Carlos}
rNeg    . . .        l - +0 scale mail
rPois   .            H - +0 helmet {SInv}
rElec   .            n - +0 cloak
rCorr   .            i - +1 pair of gloves
SInv    +            A - +0 pair of boots
Will    .....        (amulet unavailable) Stlth
                     (ring unavailable)
HPRegen 0.33/turn    (ring unavailable)
MPRegen 0.13/turn    (no gizmo)

%: no passive effects
@: revving
A: off-hand wielding, slow wielding, warmup strikes, no jewellery
a: Invent Gizmo, Renounce Religion, Heroism


You were on level 10 of the Dungeon.
You worshipped Okawaru.
Okawaru was most pleased with you.
You visited 2 branches of the dungeon, and saw 11 of its levels.
You also visited: Sewer and Ossuary.

You collected 713 gold pieces.
You spent 154 gold pieces at shops.

Inventory:

Hand Weapons
 j - a +2 dagger of venom (offhand) {Carlos}
   (You took it off a goblin on level 1 of the Dungeon)
 D - a +0 long sword (weapon) {Rodica}
   (You took it off a centaur on level 6 of the Dungeon)
Missiles
 d - 7 darts of dispersal {!f}
 y - 10 poisoned darts (quivered)
 M - 12 silver javelins
Armour
 i - a +1 pair of gloves (worn)
   (You found it on level 1 of the Dungeon)
 l - a +0 scale mail (worn)
   (You took it off a hobgoblin on level 2 of the Dungeon)
 n - a +0 cloak (worn)
   (You found it on level 3 of the Dungeon)
 r - the +7 tower shield "Zyathrac" {rPois Will+ Int+6 Dex-4}
   (You found it on level 4 of the Dungeon)

   Int+6:     It affects your intelligence (+6).
   Dex-4:     It affects your dexterity (-4).
   rPois:     It protects you from poison.
   Will+:     It increases your willpower.
 A - a +0 pair of boots (worn)
   (You found it on level 5 of the Dungeon)
 H - a +0 helmet of see invisible (worn)
   (You found it on level 7 of the Dungeon)
 J - an orb of mayhem
   (You took it off Jeremiah on level 8 of the Dungeon)
Wands
 o - a wand of quicksilver (9)
   (You took it off Ijyb on level 3 of the Dungeon)
 u - a wand of digging (7)
   (You found it on level 5 of the Dungeon)
 N - a wand of roots (4)
   (You found it on level 9 of the Dungeon)
Scrolls
 a - a scroll of vulnerability {unknown}
 c - a scroll of blinking
 e - 2 scrolls of immolation {unknown}
 h - 2 scrolls of brand weapon
 s - a scroll of poison {!r}
 t - 4 scrolls of fog
 v - 6 scrolls of teleportation {unknown}
 z - 5 scrolls of identify {@r1}
 B - a scroll of amnesia {unknown}
 E - 2 scrolls of summoning {unknown}
 G - 4 scrolls of enchant armour {unknown}
 K - 2 scrolls of silence {unknown}
 L - a scroll of revelation {unknown}
Potions
 b - 4 potions of curing {@q1}
 f - 7 potions of might
 g - 3 potions of brilliance
 k - a potion of magic
 m - 2 potions of cancellation
 p - 2 potions of berserk rage
 w - a potion of enlightenment {unknown}
 x - a potion of heal wounds {unknown}
 C - a potion of haste {unknown}
 F - a potion of resistance {unknown}


   Skills:
 + Level 8.6 Fighting
 * Level 12.7 Long Blades
 - Level 0.8 Throwing
 - Level 0.8 Armour
 - Level 1.7 Dodging
 - Level 1.7 Spellcasting
 - Level 3.0 Translocations
 + Level 4.6 Invocations


You had 12 spell levels left.
You didn't know any spells.
Your spell library contained the following spells:

 Spells                   Type           Power      Damage    Failure   Level
 Apportation              Tloc           16%        N/A       38%         1
 Blink                    Tloc           16%        N/A       52%         2
 Lesser Beckoning         Tloc           16%        N/A       52%         2
 Maxwell's Portable Pile  Tloc           8%         2d(6-16)  77%         3
 Teleport Other           Tloc           8%         N/A       77%         3
 Cigotuvi's Dreadful Rot  Necr/Alch/Air  2%         N/A       91%         2
 Ensorcelled Hibernation  Hex/Ice        2%         N/A       91%         2
 Jinxbite                 Hex            2%         N/A       91%         2
 Fugue of the Fallen      Necr           1%         N/A       99%         3
 Anguish                  Hex/Necr       0%         N/A       100%        4
 Ignite Poison            Fire/Alch      1%         N/A       100%        4
 Vhi's Electric Charge    Tloc/Air       10%        N/A       100%        4
 Alistair's Intoxication  Alch           0%         N/A       100%        5
 Freezing Cloud           Conj/Ice/Air   0%         6-21      100%        5
 Malign Gateway           Summ/Tloc      Unusable   N/A       N/A         7
 Summon Horrible Things   Summ           Unusable   N/A       N/A         8

Dungeon Overview and Level Annotations

Branches:
Dungeon (10/15) Zot: 26870  Temple (1/1) D:5 Zot: 5981   Sewer (visited)
Ossuary (visited)
   Lair: D:8-11         Orc: D:9-12

Altars:
Ashenzari
Cheibriados
Dithmenos
Elyvilon
Fedhas
Gozag
Hepliaklqana
Kikubaaqudgha
Nemelex Xobeh
Okawaru
Ru
Sif Muna
Trog
Uskayaw
Vehumet
Wu Jian
Xom
Yredelemnul
The Shining One

Shops:
D:2 !   D:9 (


Innate Abilities, Weirdness & Mutations

You can wield a second weapon in your off-hand.
It takes a long time for you to wield or remove held weapons.
Your first few attacks do less damage.
You cannot equip rings or amulets.


Message History

The two-headed ogre is lightly wounded.
The grasping roots constrict the two-headed ogre!
The two-headed ogre escapes!
You throw a poisoned dart.
The poisoned dart barely misses the two-headed ogre.
You throw a poisoned dart.
The poisoned dart hits the two-headed ogre.
The two-headed ogre looks even sicker.
The two-headed ogre is moderately wounded.
Okay, then.
Throw: dart (curare) {!f}
Press: ? - help, Shift-Dir - straight line, f/p - two-headed ogre
Aim: a two-headed ogre, wielding a +0 giant spiked club and a +0 giant club (heavily wounded, very poisoned, 76% to hit)
You throw a curare-tipped dart {!f}.
The curare-tipped dart {!f} closely misses the two-headed ogre.
Unknown command.
You hit the two-headed ogre but do no damage.
The two-headed ogre looks as sick as possible!
The two-headed ogre is heavily wounded.
You hit the two-headed ogre but do no damage.
You hit the two-headed ogre with your +0 long sword.
The two-headed ogre is heavily wounded.
You hit the two-headed ogre with your +2 dagger of venom.
The two-headed ogre looks as sick as possible!
The two-headed ogre hits you with a +0 giant spiked club!
The two-headed ogre hits you with a +0 giant club!
You hit the two-headed ogre but do no damage.
The two-headed ogre is severely wounded.
You hit the two-headed ogre but do no damage.
The two-headed ogre looks as sick as possible!
You hit the two-headed ogre with your +0 long sword.
The two-headed ogre is almost dead.
You completely miss the two-headed ogre with your +2 dagger of venom.
The two-headed ogre hits you with a +0 giant spiked club!!
* * * LOW HITPOINT WARNING * * *
The two-headed ogre hits you with a +0 giant club!!
* * * LOW HITPOINT WARNING * * *
Aiming: Mindburst
Press: ? - help, Shift-Dir - straight line, f/p - two-headed ogre
Aim: a two-headed ogre, wielding a +0 giant spiked club and a +0 giant club (almost dead, extremely poisoned, chance to affect: 47%)
The two-headed ogre resists with some effort.
Aiming: Mindburst
Press: ? - help, Shift-Dir - straight line, f/p - two-headed ogre
Aim: a two-headed ogre, wielding a +0 giant spiked club and a +0 giant club (almost dead, extremely poisoned, chance to affect: 47%)
The two-headed ogre resists with some effort.
The now-empty wand crumbles to dust.
The two-headed ogre hits you with a +0 giant spiked club!
* * * LOW HITPOINT WARNING * * *
The two-headed ogre hits you with a +0 giant club!!
You die...

..########...## ..####.....###
... ........### .... ###
>######...# . >...##..
##.....##
.........#######.)##### #.
..........##..## ..
.....###.#..#######
..######.(...(.O@.....##
...........(...####....#
.....###...########'''#######
...........########...########
....######.##.....#...##...###
....# ####..°..#.#.#.§...##
.<..### #..☼..#...#.....##
###...# #...§##...#..§..##
###.### #.....#...##...###


You could see a two-headed ogre (extremely poisoned).

Vanquished Creatures
  Jeremiah (D:8)
  Psyche (D:10)
  A hornet (D:9)
  2 yaks (D:8)
  A shadow (D:10)
  Menkaure (D:7)
  2 vampire mosquitoes (D:9)
  A water moccasin (D:7)
  6 orc warriors
  A hornet zombie (D:6)
  2 ice beasts
  2 ogres
  4 centaurs
  A crocodile (Sewer)
  2 elf zombies (Ossuary)
  4 phantoms
  A weeping skull (Ossuary)
  2 kobold brigands
  A brain worm (Sewer)
  A bullfrog (D:9)
  4 scorpions
  A water moccasin zombie (D:6)
  5 wights (D:8)
  A wyvern zombie (D:6)
  A water moccasin skeleton (D:6)
  6 killer bees (D:8)
  A howler monkey (D:7)
  4 bullfrog zombies (D:6)
  3 centaur zombies
  3 hounds (D:5)
  A jelly (D:3)
  4 bullfrog skeletons (D:6)
  3 human zombies (Ossuary)
  4 orc priests
  3 gnoll boudas
  An iguana (D:5)
  Ijyb (D:3)
  A sleepcap (D:5)
  11 orc wizards
  A killer bee zombie (Ossuary)
  A crocodile zombie (Ossuary)
  A hound zombie (Ossuary)
  3 mummies (Ossuary)
  9 gnolls
  8 adders
  3 white imps
  4 ufetubi
  4 adder zombies (Ossuary)
  3 dart slugs
  3 ribbon worms (D:2)
  38 orcs
  11 bats
  7 endoplasms
  3 giant cockroaches
  7 goblins
  12 hobgoblins
  8 jackals
  5 quokkas
  7 ball pythons
  3 ball python zombies (Ossuary)
  2 frilled lizards (D:2)
  A gnoll zombie (Ossuary)
  7 jackal zombies (Ossuary)
  20 kobolds
  3 kobold zombies (Ossuary)
  3 orc zombies (Ossuary)
  2 rats
274 creatures vanquished.

Notes
Turn   | Place    | Note
-------+----------+-------------------------------------------
     0 | D:1      | GeoRichter the Coglin Warper began the quest for the Orb.
     0 | D:1      | Reached XP level 1. HP: 16/16 MP: 3/3
   289 | D:1      | Reached XP level 2. HP: 22/22 MP: 4/4
   348 | D:1      | Reached skill level 3 in Long Blades
   493 | D:1      | Reached XP level 3. HP: 22/27 MP: 5/5
  1153 | D:2      | Reached skill level 4 in Long Blades
  1274 | D:2      | Reached XP level 4. HP: 33/33 MP: 6/6
  1742 | D:2      | Found Opty's Distillery.
  1746 | D:2      | Bought a potion of curing for 33 gold pieces
  2123 | D:3      | Found a sacrificial altar of Ru.
  2131 | D:3      | Became a worshipper of Ru the Awakened
  2134 | D:3      | Noticed Ijyb
  2321 | D:3      | Reached skill level 5 in Long Blades
  2321 | D:3      | Reached XP level 5. HP: 27/38 MP: 7/7
  2426 | D:3      | Killed Ijyb
  2528 | D:3      | Found a glowing drain.
  2537 | Sewer    | Entered a sewer
  2599 | Sewer    | Reached skill level 6 in Long Blades
  2599 | Sewer    | Reached XP level 6. HP: 28/46 MP: 4/8
  3447 | D:2      | Bought 2 potions of might for 88 gold pieces
  3447 | D:2      | Bought a potion of curing for 33 gold pieces
  3606 | D:4      | Noticed an orc warrior
  3625 | D:4      | Reached XP level 7. HP: 12/52 MP: 9/9
  3629 | D:4      | Reached skill level 7 in Long Blades
  3712 | D:4      | Identified the +7 tower shield "Zyathrac" {rPois Will+
                  | Int+6 Dex-4}
  3803 | D:4      | Found a sand-covered staircase.
  3854 | Ossuary  | Entered an ossuary
  4124 | Ossuary  | Reached XP level 8. HP: 31/61 MP: 10/10
  4131 | Ossuary  | Reached skill level 8 in Long Blades
  4437 | Ossuary  | Reached skill level 5 in Fighting
  5059 | D:5      | Entered Level 5 of the Dungeon
  5397 | D:5      | Reached skill level 9 in Long Blades
  5961 | D:5      | Reached XP level 9. HP: 14/69 MP: 11/11
  6277 | D:5      | Reached skill level 10 in Long Blades
  6352 | D:5      | Found a staircase to the Ecumenical Temple.
  6371 | Temple   | Entered the Ecumenical Temple
  6380 | Temple   | Fell from the grace of Ru
  6380 | Temple   | Became a worshipper of Warmaster Okawaru
  6698 | D:6      | Reached skill level 1 in Invocations
  7006 | D:6      | Reached * piety under Okawaru
  7083 | D:6      | Found a white marble altar of Elyvilon.
  7784 | D:6      | Reached skill level 11 in Long Blades
  8659 | D:7      | Noticed Menkaure
  8671 | D:7      | Reached XP level 10. HP: 79/79 MP: 12/12
  8675 | D:7      | Killed Menkaure
  8675 | D:7      | Reached ** piety under Okawaru
  9183 | D:8      | Found a radiant altar of Vehumet.
  9186 | D:8      | Found a basalt altar of Yredelemnul.
  9187 | D:8      | Found a shadowy altar of Dithmenos.
  9187 | D:8      | Found a shimmering altar of Xom.
  9188 | D:8      | Found an ornate altar of the Wu Jian Council.
  9188 | D:8      | Found a bloodstained altar of Trog.
  9188 | D:8      | Found a hide-covered altar of Uskayaw.
  9522 | D:8      | Noticed Jeremiah
  9556 | D:8      | Killed Jeremiah
  9676 | D:8      | Reached skill level 12 in Long Blades
  9770 | D:8      | Reached *** piety under Okawaru
 10549 | D:9      | Paralysed by a hornet for 3 turns
 10812 | D:9      | Found a hazy altar of Hepliaklqana.
 11478 | D:9      | Found Udogupna's Weapon Emporium.
 11666 | D:10     | Entered Level 10 of the Dungeon
 11682 | D:10     | Noticed Psyche
 11689 | D:10     | Killed Psyche
 11761 | D:10     | Found a sparkling altar of Nemelex Xobeh.
 11785 | D:10     | Noticed a two-headed ogre
 11798 | D:10     | HP: 4/82 [two-headed ogre/+0 giant spiked club (12)]
 11798 | D:10     | Demolished by a two-headed ogre

Illustrated notes

Levels and vault maps discovered:
D:1:      heliophobic_arrival_battle_scene, layout_basic
D:2:      layout_loops_corners, serial_shops, shop, serial_bayou_ford_a
D:3:      layout_basic, nicolae_ru_sacrificial_ziggurat, portal_sewer_entry_d,
          grunt_ministairs_14, uniq_ijyb
D:4:      layout_loops_ring, nicolae_ossuary_entry_monument,
          chequers_serial_rivers_room_b, chequers_decorated_corner,
          guppyfry_early_orc_mine
D:5:      layout_rooms, lemuel_temple_firewalk_a
D:6:      layout_layer_cave, mainiacjoe_overflow_24_doors, serial_undead,
          serial_undead_b, serial_undead_a, serial_undead_d, serial_undead_d,
          serial_undead_c, serial_undead_a
D:7:      layout_basic, minmay_strange_pillars, uniq_menkaure
D:8:      layout_loops_ring, grunt_temple_overflow_open,
          dreamdust_gnoll_shepherd, uniq_jeremiah
D:9:      layout_long_grid, nicolae_hepliaklqana_hippocampus, serial_shops,
          shop, dk_rats_in_the_wall
D:10:     layout_rooms, zin_scriptorium, nemelex_altar_shiori,
          mainiacjoe_overflow_two_lobes, minmay_misc_feat_five, uniq_psyche,
          uniq_erica
Temple:   nicolae_temple_two_arcs

Skill      XL: |  1  2  3  4  5  6  7  8  9 10 |
---------------+-------------------------------+-----
Long Blades    | 3 4 5 6 7 9 11 12 | 12.7
Fighting       | 3 4 6 7 8 |  8.6
Invocations    | 2 4 |  4.6
Throwing       | |  0.8
Armour         | |  0.8
Dodging        | |  1.7
Spellcasting   | |  1.7
Translocations | |  3.0

Action                     |  1- 3 |  4- 6 |  7- 9 | 10-12 || total
---------------------------+-------+-------+-------+-------++-------
  Melee: Dagger            |    84 |   120 |   449 |   193 ||   846
         Falchion          |    84 |   122 |   346 |       ||   552
         Long sword        |       |       |   109 |   200 ||   309
  Throw: Dart              |       |       |       |     9 ||     9
 Invoke: Heroism           |       |       |       |     1 ||     1
  Evoke: Wand              |       |     2 |     1 |     7 ||    10
    Use: Scroll            |       |     5 |     3 |       ||     8
         Potion            |       |     1 |       |       ||     1
   Stab: Sleeping          |     1 |     1 |       |       ||     2
 Armour: Leather armour    |    52 |    11 |       |       ||    63
         Scale mail        |       |    95 |   404 |   145 ||   644
  Dodge: Dodged            |    47 |    63 |   206 |    75 ||   391

Table legend: (Time is in decaauts)
 A = Elapsed time spent in this place.
 B = Non-inter-level travel time spent in this place.
 C = Inter-level travel time spent in this place.
 D = Time resting spent in this place.
 E = Time spent auto-exploring this place.
 F = Levels seen in this place.
 G = Mean time per level.
                   A        B        C        D        E       F      G
               +--------+--------+--------+--------+--------+-----+--------+
         Total |  11676 |  11076 |    600 |   1482 |   7438 |  13 |  898.2 |
       Dungeon |  10758 |  10166 |    592 |   1251 |   7050 |  10 | 1075.8 |
        Temple |     18 |     10 |      8 |      0 |      0 |   1 |   18.0 |
         Sewer |    258 |    258 |      0 |      0 |    190 |   1 |  258.0 |
       Ossuary |    640 |    640 |      0 |    231 |    198 |   1 |  640.0 |
               +--------+--------+--------+--------+--------+-----+--------+

Top non-repeatable levels by time:
     D:6: 1568 daAuts
     D:8: 1410 daAuts
     D:4: 1285 daAuts
     D:2: 1168 daAuts
     D:9: 1145 daAuts
     D:1: 1094 daAuts
     D:7: 1003 daAuts
     D:3: 997 daAuts
     D:5: 957 daAuts
 Ossuary: 640 daAuts
   Sewer: 258 daAuts
    D:10: 128 daAuts
  Temple: 18 daAuts
